| TOP OF THE 1ST |
|
Vermont Lake Monsters batting - Pitching for Hudson Valley Renegades : LHP Kazuyoshi Miyazaki
|
|
Pitching: LHP Kazuyoshi Miyazaki
|
|
|
Batting: RHB Josh Mauer
|
0-0: Ball 1-0: Fly out, F9 (Line Drive, 89M, EV 92.5 MPH)
|
|
Batting: RHB Chris Temple
|
0-0: Ball 1-0: Ball 2-0: SINGLE (Groundball, 56D, EV 102.5 MPH)
|
|
Batting: RHB Zachary Anderson
|
0-0: Called Strike 0-1: Foul Ball, location: 2F 0-2: Ball 1-2: Fielders Choice at 2nd, 5-4 (Groundball, 56, EV 80.6 MPH)
|
|
Batting: LHB Brian Puccio
|
0-0: Ball Zachary Anderson is caught stealing 2nd base 2-6
|
| Top of the 1st over - 0 runs, 1 hit, 0 errors, 0 left on base; Vermont 0 - Hudson Valley 0 |
| BOTTOM OF THE 1ST |
|
Hudson Valley Renegades batting - Pitching for Vermont Lake Monsters : LHP Hector Perdomo
|
|
Pitching: LHP Hector Perdomo
|
|
|
Batting: SHB Chris Lockart
|
0-0: Ball 1-0: Called Strike 1-1: Ball 2-1: Ball 3-1: Base on Balls
|
|
Batting: SHB Josif Popovski
|
0-0: Ball 1-0: Foul Ball, location: 2F 1-1: Fielders Choice at 2nd, 6-4 (Groundball, 6, EV 83.1 MPH)
|
|
Batting: RHB Jon Gonzales
|
0-0: Foul Ball, location: 2F 0-1: Called Strike 0-2: Strikes out swinging
|
|
Batting: LHB Jonathan Spino
|
0-0: Foul Ball, location: 2F 0-1: Called Strike Josif Popovski steals 2nd base 0-2: Strikes out looking
|
| Bottom of the 1st over - 0 runs, 0 hits, 0 errors, 1 left on base; Vermont 0 - Hudson Valley 0 |
| TOP OF THE 2ND |
|
Vermont Lake Monsters batting - Pitching for Hudson Valley Renegades : LHP Kazuyoshi Miyazaki
|
|
Batting: LHB Brian Puccio
|
0-0: Called Strike 0-1: Fly out, F9 (Line Drive, 9S, EV 92.5 MPH)
|
|
Batting: RHB Chris Prinzing
|
0-0: Ground out 6-3 (Groundball, 6, EV 84.4 MPH)
|
|
Batting: RHB Jon Coleman
|
0-0: Ball 1-0: Ball 2-0: Called Strike 2-1: Ground out U3 (Groundball, 13, EV 82.5 MPH)
|
| Top of the 2nd over - 0 runs, 0 hits, 0 errors, 0 left on base; Vermont 0 - Hudson Valley 0 |
| BOTTOM OF THE 2ND |
|
Hudson Valley Renegades batting - Pitching for Vermont Lake Monsters : LHP Hector Perdomo
|
|
Batting: SHB Joshua Jackson
|
0-0: Ball 1-0: Called Strike 1-1: Ball 2-1: Foul Ball, location: 2F 2-2: Ball 3-2: Ground out 5-3 (Groundball, 56, EV 78.8 MPH)
|
|
Batting: RHB Alex Koral
|
0-0: Called Strike 0-1: Ball 1-1: Foul Ball, location: 2F 1-2: Ball 2-2: Strikes out swinging
|
|
Batting: RHB Devin Brown
|
0-0: Ball 1-0: Fly out, F4 (Line Drive, 4, EV 68.1 MPH)
|
| Bottom of the 2nd over - 0 runs, 0 hits, 0 errors, 0 left on base; Vermont 0 - Hudson Valley 0 |
| TOP OF THE 3RD |
|
Vermont Lake Monsters batting - Pitching for Hudson Valley Renegades : LHP Kazuyoshi Miyazaki
|
|
Batting: SHB Steve Salafia
|
0-0: Foul Ball, location: 2F 0-1: Fly out, F8 (Line Drive, 78M, EV 110.0 MPH)
|
|
Batting: LHB Igor Ciobanu
|
0-0: Ball 1-0: Swinging Strike 1-1: Ball 2-1: Ball 3-1: Foul Ball, location: 2F 3-2: Ground out 6-3 (Groundball, 56D, EV 100.0 MPH)
|
|
Batting: RHB Nathaniel Adderley
|
0-0: Fly out, F9 (Flyball, 9S, EV 95.0 MPH)
|
| Top of the 3rd over - 0 runs, 0 hits, 0 errors, 0 left on base; Vermont 0 - Hudson Valley 0 |
| BOTTOM OF THE 3RD |
|
Hudson Valley Renegades batting - Pitching for Vermont Lake Monsters : LHP Hector Perdomo
|
|
Batting: RHB Evan Chalarian
|
0-0: Called Strike 0-1: Foul Ball, location: 2F 0-2: Strikes out swinging
|
|
Batting: LHB Rocky Crowley
|
0-0: Foul Ball, location: 2F 0-1: Foul Ball, location: 2F 0-2: Ball 1-2: Strikes out swinging
|
|
Batting: SHB Chris Lockart
|
0-0: Called Strike 0-1: Foul Ball, location: 2F 0-2: Foul Ball, location: 2F 0-2: Foul Ball, location: 2F 0-2: Ball 1-2: Ball 2-2: Foul Ball, location: 2F 2-2: Ground out 6-3 (Groundball, 6, EV 86.9 MPH)
|
| Bottom of the 3rd over - 0 runs, 0 hits, 0 errors, 0 left on base; Vermont 0 - Hudson Valley 0 |
| TOP OF THE 4TH |
|
Vermont Lake Monsters batting - Pitching for Hudson Valley Renegades : LHP Kazuyoshi Miyazaki
|
|
Batting: RHB Josh Mauer
|
0-0: Foul Ball, location: 2F 0-1: Swinging Strike 0-2: Ball 1-2: Foul Ball, location: 2F 1-2: SINGLE (Line Drive, 78S, EV 100.0 MPH)
|
|
Batting: RHB Chris Temple
|
0-0: Called Strike 0-1: Ball 1-1: Ball 2-1: SINGLE (Groundball, 6MD, EV 95.0 MPH) Josh Mauer to second
|
|
Batting: RHB Zachary Anderson
|
0-0: Fielders Choice at 2nd, 5-4 (Groundball, 56, EV 96.2 MPH) Josh Mauer to third
|
|
Batting: LHB Brian Puccio
|
0-0: Fly out, F8 (Line Drive, 8LD, EV 95.0 MPH) Runner from 3rd tags up, SCORES, throw by CF
|
|
Batting: RHB Chris Prinzing
|
0-0: Ball 1-0: Swinging Strike 1-1: Ball 2-1: Foul Ball, location: 2F 2-2: Strikes out swinging
|
| Top of the 4th over - 1 run, 2 hits, 0 errors, 1 left on base; Vermont 1 - Hudson Valley 0 |
| BOTTOM OF THE 4TH |
|
Hudson Valley Renegades batting - Pitching for Vermont Lake Monsters : LHP Hector Perdomo
|
|
Batting: SHB Josif Popovski
|
0-0: Ball 1-0: Ball 2-0: Called Strike 2-1: Ground out 3-1 (Groundball, 34S, EV 90.6 MPH)
|
|
Batting: RHB Jon Gonzales
|
0-0: Ball 1-0: Called Strike 1-1: Ground out 6-3 (Groundball, 6, EV 84.4 MPH)
|
|
Batting: LHB Jonathan Spino
|
0-0: Called Strike 0-1: Foul Ball, location: 2F 0-2: Ball 1-2: Strikes out swinging
|
| Bottom of the 4th over - 0 runs, 0 hits, 0 errors, 0 left on base; Vermont 1 - Hudson Valley 0 |
| TOP OF THE 5TH |
|
Vermont Lake Monsters batting - Pitching for Hudson Valley Renegades : LHP Kazuyoshi Miyazaki
|
|
Batting: RHB Jon Coleman
|
0-0: Ball 1-0: SINGLE (Line Drive, 8RS, EV 100.6 MPH)
|
|
Batting: SHB Steve Salafia
|
0-0: Called Strike 0-1: Ball 1-1: Ball 2-1: Grounds into double play, 6-4-3 (Groundball, 6D, EV 106.2 MPH)
|
|
Batting: LHB Igor Ciobanu
|
0-0: Ball 1-0: Foul Ball, location: 2F 1-1: Ball 2-1: Fly out, F4 (Flyball, 34D, EV 88.8 MPH)
|
| Top of the 5th over - 0 runs, 1 hit, 0 errors, 0 left on base; Vermont 1 - Hudson Valley 0 |
| BOTTOM OF THE 5TH |
|
Hudson Valley Renegades batting - Pitching for Vermont Lake Monsters : LHP Hector Perdomo
|
|
Batting: SHB Joshua Jackson
|
0-0: Swinging Strike 0-1: Called Strike 0-2: Strikes out swinging
|
|
Batting: RHB Alex Koral
|
0-0: Called Strike 0-1: Swinging Strike 0-2: Ground out 5-3 (Groundball, 56, EV 83.1 MPH)
|
|
Batting: RHB Devin Brown
|
0-0: Ball 1-0: Foul Ball, location: 2F 1-1: Foul Ball, location: 2F 1-2: Ball 2-2: Ball 3-2: Ground out 6-3 (Groundball, 6, EV 78.1 MPH)
|
| Bottom of the 5th over - 0 runs, 0 hits, 0 errors, 0 left on base; Vermont 1 - Hudson Valley 0 |
| TOP OF THE 6TH |
|
Vermont Lake Monsters batting - Pitching for Hudson Valley Renegades : LHP Kazuyoshi Miyazaki
|
|
Batting: RHB Nathaniel Adderley
|
0-0: Hit by Pitch
|
|
Pinch Runner at 1st Sean Gould:
|
|
|
Batting: RHB Josh Mauer
|
0-0: Ball 1-0: Grounds into double play, 6-4-3 (Groundball, 6, EV 97.5 MPH)
|
|
Batting: RHB Chris Temple
|
0-0: Called Strike 0-1: Ball 1-1: Called Strike 1-2: SINGLE (Groundball, 34D, EV 105.6 MPH)
|
|
Batting: RHB Zachary Anderson
|
0-0: Called Strike 0-1: Ball 1-1: Ball 2-1: Called Strike 2-2: SINGLE (Groundball, 6D, EV 97.5 MPH) Chris Temple to second
|
|
Batting: LHB Brian Puccio
|
0-0: Called Strike 0-1: Ball 1-1: Ball Wild Pitch! Chris Temple to third Zachary Anderson to second 2-1: Called Strike 2-2: Strikes out swinging
|
| Top of the 6th over - 0 runs, 2 hits, 0 errors, 2 left on base; Vermont 1 - Hudson Valley 0 |
| BOTTOM OF THE 6TH |
|
Hudson Valley Renegades batting - Pitching for Vermont Lake Monsters : LHP Hector Perdomo
|
|
Now in CF: Josh Mauer
|
|
|
Now in RF: Nate Melendez
|
|
|
Batting: RHB Evan Chalarian
|
0-0: Ball 1-0: Swinging Strike 1-1: Ball 2-1: Called Strike 2-2: Ground out 6-3 (Groundball, 6, EV 105.6 MPH)
|
|
Batting: LHB Rocky Crowley
|
0-0: Ball 1-0: Ground out 5-3 (Groundball, 56S, EV 74.4 MPH)
|
|
Batting: SHB Chris Lockart
|
0-0: Swinging Strike 0-1: Called Strike 0-2: Ball 1-2: Foul Ball, location: 2F 1-2: Strikes out swinging
|
| Bottom of the 6th over - 0 runs, 0 hits, 0 errors, 0 left on base; Vermont 1 - Hudson Valley 0 |
| TOP OF THE 7TH |
|
Vermont Lake Monsters batting - Pitching for Hudson Valley Renegades : LHP Kazuyoshi Miyazaki
|
|
Batting: RHB Chris Prinzing
|
0-0: Swinging Strike 0-1: Ball 1-1: Ball 2-1: SINGLE (Line Drive, 4M, EV 96.9 MPH)
|
|
Batting: RHB Jon Coleman
|
0-0: Called Strike 0-1: Grounds into double play, 5-4-3 (Groundball, 56D, EV 106.9 MPH)
|
|
Batting: SHB Steve Salafia
|
0-0: Called Strike 0-1: Ground out 5-3 (Groundball, 5, EV 81.2 MPH)
|
| Top of the 7th over - 0 runs, 1 hit, 0 errors, 0 left on base; Vermont 1 - Hudson Valley 0 |
| BOTTOM OF THE 7TH |
|
Hudson Valley Renegades batting - Pitching for Vermont Lake Monsters : LHP Hector Perdomo
|
|
Batting: SHB Josif Popovski
|
0-0: Ball 1-0: Ball 2-0: Foul Ball, location: 2F 2-1: Ground out U3 (Groundball, 34S, EV 91.2 MPH)
|
|
Batting: RHB Jon Gonzales
|
0-0: Called Strike 0-1: Foul Ball, location: 2F 0-2: Ground out 4-3 (Groundball, 4, EV 100.0 MPH)
|
|
Batting: LHB Jonathan Spino
|
0-0: Called Strike 0-1: Fly out, F9 (Flyball, 9S, EV 86.9 MPH)
|
| Bottom of the 7th over - 0 runs, 0 hits, 0 errors, 0 left on base; Vermont 1 - Hudson Valley 0 |
| TOP OF THE 8TH |
|
Vermont Lake Monsters batting - Pitching for Hudson Valley Renegades : LHP Kazuyoshi Miyazaki
|
|
Batting: LHB Igor Ciobanu
|
0-0: Ball 1-0: Ball 2-0: Ball 3-0: Called Strike 3-1: SINGLE (Groundball, 56D, EV 97.5 MPH)
|
|
Batting: LHB Nate Melendez
|
0-0: Ball 1-0: Sac Bunt to 13S - play at first, batter OUT! 1-4 Igor Ciobanu to second
|
|
Batting: RHB Josh Mauer
|
0-0: Ground out 6-3 (Groundball, 6, EV 88.8 MPH)
|
|
Batting: RHB Chris Temple
|
0-0: Called Strike 0-1: Called Strike 0-2: Ball 1-2: Foul Ball, location: 2F 1-2: Ball 2-2: Foul Ball, location: 2F 2-2: Foul Ball, location: 2F 2-2: Foul Ball, location: 2F 2-2: SINGLE (Groundball, 34D, EV 106.2 MPH) Igor Ciobanu to third Runner from 3rd tries for Home, SAFE, throw by RF to home
|
|
Batting: RHB Zachary Anderson
|
0-0: Foul Ball, location: 2F 0-1: Foul Ball, location: 2F 0-2: Ball 1-2: Fielders Choice at 2nd, 6-4 (Groundball, 6, EV 93.8 MPH)
|
| Top of the 8th over - 1 run, 2 hits, 0 errors, 1 left on base; Vermont 2 - Hudson Valley 0 |
| BOTTOM OF THE 8TH |
|
Hudson Valley Renegades batting - Pitching for Vermont Lake Monsters : LHP Hector Perdomo
|
|
Now at 3B: Alberto Malagon
|
|
|
Batting: SHB Joshua Jackson
|
0-0: Ball 1-0: SINGLE (Groundball, 4MD, EV 97.5 MPH)
|
|
Batting: RHB Alex Koral
|
0-0: Foul Ball, location: 2F 0-1: TRIPLE (Line Drive, 8LXD, EV 100.0 MPH) Joshua Jackson scores
|
|
Batting: RHB Devin Brown
|
0-0: SINGLE (Groundball, 56D, EV 95.6 MPH) Alex Koral scores
|
|
Batting: RHB Evan Chalarian
|
0-0: Ball 1-0: Ball 2-0: Grounds into double play, 4-6-3 (Groundball, 4M, EV 104.4 MPH)
|
|
Pinch Hitting: RHB Mark Richert
|
0-0: Ball 1-0: Ball 2-0: Ball 3-0: Called Strike 3-1: Swinging Strike 3-2: SINGLE (Line Drive, 34, EV 100.6 MPH)
|
|
Pitching: RHP Emanuel Andrade
|
|
|
Pinch Runner at 1st Dan Hunt:
|
|
|
Batting: SHB Chris Lockart
|
0-0: Ball 1-0: Called Strike Dan Hunt steals 2nd base 1-1: Foul Ball, location: 2F 1-2: Ball 2-2: Strikes out swinging
|
| Bottom of the 8th over - 2 runs, 4 hits, 0 errors, 1 left on base; Vermont 2 - Hudson Valley 2 |
| TOP OF THE 9TH |
|
Vermont Lake Monsters batting - Pitching for Hudson Valley Renegades : LHP Kazuyoshi Miyazaki
|
|
Pitching: LHP Matt Bayer
|
|
|
Now in LF: Dan Hunt
|
|
|
Batting: SHB Eric Tiehen
|
0-0: Called Strike 0-1: Swinging Strike 0-2: Foul Ball, location: 2F 0-2: Strikes out swinging
|
|
Pinch Hitting: RHB Jonathan Ellis
|
0-0: Called Strike 0-1: Ball 1-1: SINGLE (Groundball, 6D, EV 98.1 MPH)
|
|
Batting: RHB Jon Coleman
|
0-0: Called Strike 0-1: Foul Ball, location: 2F 0-2: Strikes out swinging
|
|
Batting: SHB Steve Salafia
|
0-0: Ball Jonathan Ellis is caught stealing 2nd base 2-4
|
| Top of the 9th over - 0 runs, 1 hit, 0 errors, 0 left on base; Vermont 2 - Hudson Valley 2 |
| BOTTOM OF THE 9TH |
|
Hudson Valley Renegades batting - Pitching for Vermont Lake Monsters : RHP Emanuel Andrade
|
|
Now at SS: Jake Leffel
|
|
|
Batting: SHB Josif Popovski
|
0-0: Called Strike 0-1: Fly out, F8 (Flyball, 8RD, EV 96.2 MPH)
|
|
Batting: RHB Jon Gonzales
|
0-0: Foul Ball, location: 2F 0-1: Foul Ball, location: 2F 0-2: Foul Ball, location: 2F 0-2: Hit by Pitch
|
|
Batting: LHB Jonathan Spino
|
0-0: Called Strike 0-1: Swinging Strike Pickoff Throw to First - Out! 1-3 0-2: Ball 1-2: Ball 2-2: Strikes out looking
|
| Bottom of the 9th over - 0 runs, 0 hits, 0 errors, 0 left on base; Vermont 2 - Hudson Valley 2 |
| TOP OF THE 10TH |
|
Vermont Lake Monsters batting - Pitching for Hudson Valley Renegades : LHP Matt Bayer
|
|
Batting: SHB Steve Salafia
|
0-0: Hit by Pitch
|
|
Batting: LHB Igor Ciobanu
|
0-0: Ball 1-0: Called Strike 1-1: Ball 2-1: Ball 3-1: Foul Ball, location: 2F 3-2: Grounds into double play, 5-4-3 (Groundball, 56, EV 86.9 MPH)
|
|
Batting: LHB Nate Melendez
|
0-0: Swinging Strike 0-1: Fly out, F8 (Flyball, 8LD, EV 93.1 MPH)
|
| Top of the 10th over - 0 runs, 0 hits, 0 errors, 0 left on base; Vermont 2 - Hudson Valley 2 |
| BOTTOM OF THE 10TH |
|
Hudson Valley Renegades batting - Pitching for Vermont Lake Monsters : RHP Emanuel Andrade
|
|
Batting: SHB Joshua Jackson
|
0-0: Ball 1-0: Ball 2-0: Called Strike 2-1: Ball 3-1: Foul Ball, location: 2F 3-2: Foul Ball, location: 2F 3-2: Foul Ball, location: 2F 3-2: Strikes out looking
|
|
Batting: RHB Alex Koral
|
0-0: Ball 1-0: Foul Ball, location: 2F 1-1: Swinging Strike 1-2: Foul Ball, location: 2F 1-2: Foul Ball, location: 2F 1-2: Strikes out looking
|
|
Batting: LHB Helmut Steggall
|
0-0: Ball 1-0: Called Strike 1-1: Ball 2-1: Swinging Strike 2-2: Ball 3-2: Foul Ball, location: 2F 3-2: Strikes out looking
|
| Bottom of the 10th over - 0 runs, 0 hits, 0 errors, 0 left on base; Vermont 2 - Hudson Valley 2 |
| TOP OF THE 11TH |
|
Vermont Lake Monsters batting - Pitching for Hudson Valley Renegades : LHP Matt Bayer
|
|
Batting: RHB Josh Mauer
|
0-0: Swinging Strike 0-1: Ball 1-1: Swinging Strike 1-2: Fly out, F9 (Flyball, 89D, EV 100.0 MPH)
|
|
Batting: RHB Chris Temple
|
0-0: Ground out 5-3 (Groundball, 15, EV 78.1 MPH)
|
|
Batting: RHB Alberto Malagon
|
0-0: Called Strike 0-1: Ground out 3-1 (Groundball, 34, EV 80.6 MPH)
|
| Top of the 11th over - 0 runs, 0 hits, 0 errors, 0 left on base; Vermont 2 - Hudson Valley 2 |
| BOTTOM OF THE 11TH |
|
Hudson Valley Renegades batting - Pitching for Vermont Lake Monsters : RHP Emanuel Andrade
|
|
Pinch Hitting: LHB Jimmy Detrie
|
0-0: Called Strike 0-1: Ball 1-1: Foul Ball, location: 2F 1-2: Fly out, F9 (Flyball, 9LS, EV 95.6 MPH)
|
|
Batting: LHB Dan Hunt
|
0-0: Ball 1-0: Foul Ball, location: 2F 1-1: Ball 2-1: Ball 3-1: Base on Balls
|
|
Pitching: RHP Pedro Taveras
|
|
|
Batting: SHB Chris Lockart
|
0-0: Ball Dan Hunt steals 2nd, throwing error, E2 Dan Hunt to third 1-0: Fly out, F7 (Flyball, 7D, EV 98.1 MPH) Runner from 3rd tags up, SCORES, no throw by LF
|
| Bottom of the 11th over - 1 run, 0 hits, 1 error, 0 left on base; Vermont 2 - Hudson Valley 3 |
|